 Dungeon Crawl Stone Soup version 0.28.0-45-g0d030f2227 (webtiles) character file.

Game seed: 6949498887646610892

7725 zeratav the Martial Artist (level 11, -2/75 HPs)
             Began as an Octopode Transmuter on Apr 8, 2022.
             Was an Initiate of Ashenzari.
             Slain by an unseen horror (9 damage)
             ... on level 11 of the Dungeon.
             The game lasted 00:50:57 (13963 turns).

zeratav the Martial Artist (Octopode Transmuter)   Turns: 13963, Time: 00:50:58

Health: -2/75      AC:  1    Str: 10    XL:     11   Next: 19%
Magic:  11/14      EV: 21    Int: 15    God:    Ashenzari [......]
Gold:   508        SH:  7    Dex: 17    Spells: 6/14 levels left

rFire   . . .      SeeInvis .   C - +7 flail of Royalism {drain, rElec, mace}
rCold   + . .      Faith    .   o - +2 buckler
rNeg    + . .      Spirit   .   (helmet restricted)
rPois   .          Reflect  .   f - amulet of regeneration {@e2}
rElec   +          Harm     .   i - ring of Kuntamul {rC+ Slay+2}
rCorr   +          Rampage  .   p - ring of resist corrosion
Will    +....                   s - +4 ring of evasion
Stlth   ++++......              h - ring of willpower
HPRegen 1.02/turn               E - ring of positive energy
MPRegen 0.14/turn               (no ring)
                                (no ring)
                                (no ring)

@: no status effects
A: almost no armour, amphibious, 8 rings, camouflage 1, gelatinous body 1,
(nimble swimmer 1), tentacles
a: Renounce Religion, Curse Item


You were on level 11 of the Dungeon.
You worshipped Ashenzari.
Ashenzari was noncommittal.
You visited 2 branches of the dungeon, and saw 12 of its levels.
You also visited: Sewer.

You collected 508 gold pieces.


Innate Abilities, Weirdness & Mutations

You cannot wear most types of armour.
You are amphibious.
You can wear up to eight rings at the same time.
Your skin changes colour to match your surroundings (Stealth+).
Your rubbery body absorbs attacks. (AC +1, EV +1)
((You are camouflaged when in or above water. (Stealth+)))
You have tentacles for arms and can constrict up to eight enemies at once.


   Skills:
 + Level 7.3 Fighting
 + Level 7.7 Dodging
 - Level 5.0 Stealth
 - Level 3.1 Shields
 * Level 10.9 Unarmed Combat
 - Level 2.0 Spellcasting
 + Level 6.6 Transmutations
 + Level 2.6 Ice Magic


You had 6 spell levels left.
You knew the following spells:

 Your Spells              Type           Power      Damage    Failure   Level
a - Beastly Appendage     Tmut           42%        N/A       1%          1
b - Spider Form           Tmut/Pois      11%        N/A       22%         3
c - Ice Form              Ice/Tmut       15%        N/A       41%         4

Your spell library contained the following spells:

 Spells                   Type           Power      Damage    Failure   Level
 Wereblood                Tmut           21%        N/A       3%          2
 Passwall                 Tmut/Erth      9%         N/A       12%         2
 Magic Dart               Conj           4%         1d3       28%         1
 Sandblast                Erth           2%         2d4       28%         1
 Slow                     Hex            4%         N/A       28%         1
 Call Imp                 Summ           1%         N/A       41%         2
 Confusing Touch          Hex            1%         N/A       65%         3
 Mephitic Cloud           Conj/Pois/Air  1%         N/A       65%         3
 Stone Arrow              Conj/Erth      2%         3d7       65%         3
 Vampiric Draining        Necr           1%         2d6       65%         3
 Animate Dead             Necr           0%         N/A       96%         4
 Olgreb's Toxic Radiance  Pois           1%         N/A       96%         4
 Haunt                    Necr/Summ      0%         N/A       100%        7
 Ozocubu's Refrigeration  Ice            4%         4d5       100%        7
 Ignition                 Fire           0%         3d3       100%        8
 Infestation              Necr           0%         N/A       100%        8

Inventory:

Hand Weapons
 e - a +2 dagger of venom {short}
   (You took it off a goblin on level 1 of the Dungeon)
 C - the +7 flail of Royalism (weapon) {drain, rElec, mace}
   (You found it on level 9 of the Dungeon)

   A truly terrible weapon, it drains the life of any living foe it strikes.
   rElec:     It insulates you from electricity.
Armour
 o - a +2 buckler (worn)
   (You found it on level 4 of the Dungeon)
Jewellery
 f - an amulet of regeneration (around mantle) {@e2}
   (You found it on level 5 of the Dungeon)
 h - a ring of willpower (on tentacle)
   (You found it on level 6 of the Dungeon)
 i - the ring of Kuntamul (left tentacle) {rC+ Slay+2}
   (You found it on level 3 of the Dungeon)

   [ring of protection from cold]

   Slay:      It affects your accuracy & damage with ranged weapons and melee
   (+2).
   rC:        It protects you from cold.
 p - a ring of resist corrosion (right tentacle)
   (You found it on level 4 of the Dungeon)
 r - an amulet of the acrobat
   (You took it off an orc wizard on level 4 of the Dungeon)
 s - a +4 ring of evasion (on tentacle)
   (You took it off an orc on level 4 of the Dungeon)
 E - a ring of positive energy (on tentacle)
   (You found it on level 10 of the Dungeon)
Wands
 n - a wand of flame (25)
   (You found it in a sewer)
 q - a wand of charming (9)
   (You took it off an orc wizard on level 4 of the Dungeon)
 w - a wand of iceblast (14)
   (You found it on level 7 of the Dungeon)
 F - a wand of mindburst (9)
   (You found it on level 10 of the Dungeon)
Scrolls
 d - 6 scrolls of teleportation {@r4}
 j - a scroll of magic mapping {!r}
 x - 3 scrolls of identify {@r1}
 y - a scroll of immolation {!r!r}
 A - 4 scrolls of vulnerability {!r!r}
 D - 3 scrolls of fear
 H - a scroll of enchant weapon {unknown}
Potions
 a - 2 potions of berserk rage {!q}
 b - a potion of cancellation
 c - a potion of might {unknown}
 k - 3 potions of haste {@q3}
 l - a potion of heal wounds {@q2}
 m - 2 potions of brilliance
 t - a potion of magic
 u - 3 potions of flight
 v - 4 potions of curing {@q1}
 z - a potion of resistance {unknown}
 B - a potion of invisibility {unknown}
 G - a potion of mutation {unknown}

Dungeon Overview and Level Annotations

Branches:
Dungeon (11/15)            Temple (1/1) D:4             Orc (0/2) D:11
  Sewer (visited)
   Lair: D:8-11

Altars:
Ashenzari
Cheibriados
Dithmenos
Elyvilon
Fedhas
Gozag
Hepliaklqana
Kikubaaqudgha
Makhleb
Nemelex Xobeh
Okawaru
Qazlal
Ru
Sif Muna
Trog
Uskayaw
Vehumet
Wu Jian
Xom
Yredelemnul
Zin
The Shining One

Shops:
D:1 *   D:6 [

Annotations:
D:3 Grinder
D:4 2 transporters, Iusername's ghost, amateur MiFi
D:6 3 runed translucent doors, Icepheonix32's ghost, novice DsFi; Kazon's ghost, novice HOMo

....V...........# #......
................# #......
.............รท..# #......
................# #......
.....h.h{.......# #......
....3..#######..# ########.....#
...5####.....#..# #............#
....#........#..####..........[.#
....#........'..@.....#####.....#
....#........#........#...#.....#
...5#........#........#...#.....#
..5.#........#........#...'.....#
...K######'###.....)..#...#.....#
....).................##+##.....#
..###'######....................#
..#


KK. #..................... ..# ..5.. ##...............<.... There were no
monsters in sight!


Message History

HP[+1]
Your hp is fully restored (75).
Found a sacrificial altar of Ru.
v - 4 potions of curing {@q1} (gained 1)
u - 3 potions of flight (gained 1)
You open the door.
There is an open door here.
You pick up a book of Geomancy and begin reading...
You add the spells Sandblast, Passwall and Stone Arrow to your library.
You open the door.
A warg, 3 kobolds and 3 kobold demonologists come into view.
A kobold is wielding a +1 dagger of venom.
A kobold is wielding a +0 dagger and quivering poisoned darts.
The kobold shouts!
The kobold moves out of view.
Found a staircase to the Orcish Mines.
You close the door.
Casting: Spider Form (dangerous; 22% risk of failure)
Confirm with . or Enter, or press ? or * to list all spells.
You miscast Spider Form.
You are very lightly contaminated with residual magic.
Your body is flooded with distortional energies.
MP[-3]
You lost 3 mp, and now have 11/14 mp.
Casting: Spider Form (dangerous; 22% risk of failure)
Confirm with . or Enter, or press ? or * to list all spells.
You turn into a venomous arachnid creature.
The +7 flail of Royalism {drain, rElec, mace} melds into your body.
Your +2 buckler melds into your body.
MP[-3]
You lost 3 mp, and now have 8/14 mp.
There are no items here.
A kobold opens the door.
The kobold demonologist shouts!
You hit the kobold.
The kobold is poisoned.
You hear a howl!
The kobold hits you with a +1 dagger of venom.
You hear a shout!
HP[-2]
You take 2 damage, and now have 73/75 hp.
You bite the kobold!
You kill the kobold!
You hear a howl!
The kobold demonologist gestures wildly while chanting.
The kobold demonologist mumbles some strange words.
HP[+1] MP[+1]
The warg howls!
The kobold demonologist mumbles some strange words.
The sun demon hits you!
You are engulfed in flames!!
The kobold shouts!
Things that are here:
a +1 dagger of venom {short}; 5 stones {throwing} HP[-33]
You take 33 damage, and now have 41/75 hp.
MASSIVE DAMAGE!! (PAUSE)
You hit the sun demon but do no damage.
The crimson imp disappears in a puff of smoke!
The sun demon hits you!
* * * LOW HITPOINT WARNING * * *
You are engulfed in flames!
* * * LOW HITPOINT WARNING * * *
HP[-30]
You take 30 damage, and now have 11/75 hp.
MASSIVE DAMAGE!! (PAUSE)
Your transformation is almost over.
HP[+1]
The kobold demonologist mumbles some strange words.
HP[+1] HP[+1]
The sun demon misses you.
HP[+1] HP[+1] MP[+1]
A vampire comes into view.
HP[+1]
The kobold demonologist casts a spell.
HP[+1]
The warg misses you. Something hits you!
* * * LOW HITPOINT WARNING * * *
Deactivating autopickup; reactivate with Ctrl-A.
HP[-7]
You take 7 damage, and now have 11/75 hp.
Something completely misses you.
HP[+1]
Your transformation has ended.
The +7 flail of Royalism {drain, rElec, mace} unmelds from your body.
Your +2 buckler unmelds from your body.
You sense an unholy aura.
Something misses you.
HP[+1]
Something hits you!
* * * LOW HITPOINT WARNING * * *
Something closely misses you.
HP[-10]
You take 10 damage, and now have 3/75 hp.
Blink to where?
Press: ? - help, Q - select action, (/) - cycle Dir - move target
As you read the scroll of blinking {!r}, it crumbles to dust.
HP[+1] MP[+1] HP[+1]
Your magical contamination has completely faded away.
Something hits you!
You die...

Skill      XL: |  1  2  3  4  5  6  7  8  9 10 |
---------------+-------------------------------+-----
Stealth        | 1 2 3 4 5 |  5.0
Fighting       | 2 3 4 5 7 |  7.3
Unarmed Combat | 4 5 6 7 9 10 | 10.9
Dodging        | 3 4 5 6 7 |  7.7
Shields        | 2 3 |  3.1
Transmutations | 3 4 6 |  6.6
Ice Magic      | 2 |  2.6
Spellcasting   | |  2.0

Action                   |  1- 3 |  4- 6 |  7- 9 | 10-12 || total
-------------------------+-------+-------+-------+-------++-------
Melee: Short sword       |     7 |       |       |       ||     7
       Unarmed           |     4 |    11 |   182 |   226 ||   423
       Constrict         |    23 |    14 |    25 |     7 ||    69
       Tentacles         |     7 |    16 |    32 |    15 ||    70
       Dagger            |    59 |    44 |   124 |    43 ||   270
       Punch             |     5 |     1 |     6 |     6 ||    18
       Kick              |     4 |       |     2 |       ||     6
       Flail             |       |       |       |    14 ||    14
Throw: Throwing net      |       |     2 |     4 |       ||     6
 Cast: Beastly Appendage |     7 |       |     3 |       ||    10
       Spider Form       |       |     2 |    39 |    39 ||    80
  Use: Scroll            |       |       |    15 |     8 ||    23
       Potion            |       |       |     1 |     1 ||     2
 Stab: Sleeping          |     8 |     3 |    19 |     3 ||    33
       Distracted        |     1 |       |       |       ||     1
Armor: Skin              |     5 |     6 |    10 |     7 ||    28
Dodge: Dodged            |    41 |    58 |   270 |   378 ||   747
Block: Buckler           |       |       |    35 |    23 ||    58

Levels and vault maps discovered:
D:1:      lightli_arrival_quake, layout_loops_ring, serial_shops, shop,
          minmay_misc_feat_rows
D:2:      layout_basic, shapermc_ecumenical_altar_acropolis, minmay_quantized
D:3:      layout_loops_ring, dancing_weapons_uskayaw, kennysheep_vampire_church,
          nicolae_wu_jian_wuxing_cycle, chequers_serial_rivers_marsh,
          uniq_grinder, uniq_sigmund
D:4:      layout_basic, minmay_temple_entry_from_below_a,
          cheibrodos_sewer_entry_bend, gammafunk_ghost_arena
D:5:      layout_basic, slow_altar_2
D:6:      black_bear_nest_1, layout_cave_pools, mainiacjoe_overflow_24_doors,
          gammafunk_ghost_cemetery, serial_gnoll_camp, gnoll_camp_mini_doghouse,
          gnoll_camp_mini_hut, gnoll_camp_mini_hut, gnoll_camp_mini_hut,
          gnoll_camp_mini_shop, gnoll_camp_mini_hut, kennysheep_donut,
          minmay_tree_intersection, uniq_blork_the_orc
D:7:      layout_cave_pools, uniq_crazy_yiuf_cottage
D:8:      layout_basic
D:9:      layout_cave_pods, nicolae_gozag_seed_capital, lemuel_crystal_altar
D:10:     layout_basic, evilmike_ruin_ashenzari
D:11:     layout_irregular_city, david_lair_shrubbed,
          minmay_orc_entry_guard_dogs, nicolae_ru_path_of_blood
Temple:   dpeg_chambers_temple

Notes
Turn   | Place    | Note
-------+----------+-------------------------------------------
     0 | D:1      | zeratav the Octopode Transmuter began the quest for the
                  | Orb.
     0 | D:1      | Reached XP level 1. HP: 13/13 MP: 3/3
     0 | D:1      | magus.rc [v1.9.6]
   360 | D:1      | Found Wanaisez's General Store.
   419 | D:1      | Reached XP level 2. HP: 10/18 MP: 3/5
   424 | D:1      | HP: 4/18 [poisoned by a goblin]
   427 | D:1      | HP: 1/18 [poisoned by a goblin]
   767 | D:1      | Reached skill level 1 in Stealth
  1307 | D:2      | Reached XP level 3. HP: 20/23 MP: 6/6
  1691 | D:2      | Found a faded altar of an unknown god.
  1708 | D:2      | You pick up a book of Debilitation and begin reading...
  1708 | D:2      | You add the spells Slow, Vampiric Draining and Confusing
                  | Touch to your library.
  1757 | D:2      | HP: 5/23 [jackal (2)]
  2097 | D:2      | Reached skill level 2 in Stealth
  2283 | D:2      | Reached XP level 4. HP: 29/29 MP: 7/7
  2516 | D:3      | Noticed a +0 hand axe
  2516 | D:3      | Noticed a +0 hand axe
  2541 | D:3      | Found a hide-covered altar of Uskayaw.
  2551 | D:3      | Identified the ring of Kuntamul {rC+ Slay+2}
  2594 | D:3      | Noticed Sigmund
  2616 | D:3      | Found an ornate altar of the Wu Jian Council.
  2625 | D:3      | Reached skill level 2 in Fighting
  2855 | D:3      | Reached skill level 4 in Unarmed Combat
  3339 | D:3      | Reached XP level 5. HP: 34/34 MP: 8/8
  3480 | D:3      | Noticed Grinder
  3489 | D:3      | Paralysed by Grinder for 5 turns
  3641 | D:2      | Learned a level 3 spell: Spider Form
  3647 | D:3      | Killed Sigmund
  3648 | D:3      | Reached skill level 3 in Dodging
  3648 | D:3      | Reached skill level 3 in Stealth
  3648 | D:3      | Reached XP level 6. HP: 41/41 MP: 5/9
  3785 | D:3      | Found an ancient bone altar of Kikubaaqudgha.
  3796 | D:3      | Reached skill level 5 in Unarmed Combat
  3805 | D:3      | You pick up a book of Minor Magic and begin reading...
  3805 | D:3      | You add the spells Magic Dart, Call Imp and Mephitic Cloud
                  | to your library.
  4130 | D:4      | Noticed a black bear
  4143 | D:4      | Killed a black bear
  4144 | D:4      | Reached skill level 3 in Fighting
  4144 | D:4      | Reached skill level 4 in Stealth
  4144 | D:4      | Reached XP level 7. HP: 23/46 MP: 7/10
  4386 | D:4      | HP: 1/46 [something/puff of flame (11)]
  4394 | D:4      | HP: 5/46 [orc wizard/puff of flame (7)]
  4396 | D:4      | HP: 2/46 [orc wizard/+0 dagger (4)]
  4399 | D:4      | Reached skill level 4 in Dodging
  4746 | D:4      | Found a glowing drain.
  4754 | Sewer    | Entered a sewer
  4791 | Sewer    | Noticed Pargi
  4803 | Sewer    | Killed Pargi
  4804 | Sewer    | Reached skill level 6 in Unarmed Combat
  5022 | Sewer    | You pick up a book of Death and begin reading...
  5022 | Sewer    | You add the spells Animate Dead, Haunt and Infestation to
                  | your library.
  5536 | D:3      | Reached skill level 5 in Stealth
  5679 | D:4      | Found a transporter.
  5691 | D:4      | Noticed Iusername's ghost (amateur MiFi)
  5696 | D:4      | Found a transporter.
  5734 | D:4      | Reached XP level 8. HP: 45/54 MP: 7/11
  6065 | D:5      | Entered Level 5 of the Dungeon
  6071 | D:5      | You add the spells Olgreb's Toxic Radiance, Ozocubu's
                  | Refrigeration and Ignition to your library.
  6154 | D:5      | Reached skill level 4 in Fighting
  6400 | D:5      | Reached skill level 1 in Shields
  6584 | D:4      | Reached skill level 3 in Transmutations
  6890 | D:4      | Reached skill level 7 in Unarmed Combat
  7026 | D:4      | Found a staircase to the Ecumenical Temple.
  7197 | D:5      | Reached skill level 5 in Dodging
  7358 | D:5      | Reached skill level 2 in Shields
  7548 | Temple   | Entered the Ecumenical Temple
  8116 | D:5      | Reached XP level 9. HP: 52/59 MP: 6/12
  8438 | D:5      | Found a snail-covered altar of Cheibriados.
  8574 | D:6      | Found a runed translucent gate.
  8574 | D:6      | Found a runed translucent gate.
  8574 | D:6      | Found a runed translucent gate.
  8586 | D:6      | Noticed Icepheonix32's ghost (novice DsFi)
  8586 | D:6      | Noticed Kazon's ghost (novice HOMo)
  8587 | D:6      | Noticed Icepheonix32's ghost (novice DsFi)
  8699 | D:6      | Reached skill level 5 in Fighting
  8704 | D:6      | Reached skill level 4 in Transmutations
  8787 | D:6      | Noticed Blork the orc
  8807 | D:6      | Killed Blork the orc
  8808 | D:6      | Reached skill level 3 in Shields
  8885 | D:6      | Reached skill level 8 in Unarmed Combat
  8898 | D:6      | Found a shadowy altar of Dithmenos.
  8898 | D:6      | Noticed a two-headed ogre
  8952 | D:6      | Found Niqam's Antique Armour Shop.
  9187 | D:6      | Learned a level 4 spell: Ice Form
  9647 | D:6      | Reached skill level 6 in Dodging
 10265 | D:7      | Found a runed translucent door.
 10266 | D:7      | Noticed Crazy Yiuf
 10275 | D:7      | Killed Crazy Yiuf
 10276 | D:7      | Reached skill level 9 in Unarmed Combat
 10338 | D:7      | Reached XP level 10. HP: 68/68 MP: 10/13
 10346 | D:7      | Reached skill level 5 in Transmutations
 10956 | D:8      | Reached skill level 6 in Fighting
 11792 | D:9      | Found an opulent altar of Gozag.
 11820 | D:9      | Found a sparkling altar of Nemelex Xobeh.
 12123 | D:9      | Identified the +7 flail of Royalism {drain, rElec}
 12211 | D:9      | Reached skill level 7 in Dodging
 12216 | D:9      | Reached skill level 10 in Unarmed Combat
 12411 | D:9      | Noticed a two-headed ogre
 12440 | D:9      | Killed a two-headed ogre
 12441 | D:9      | Reached skill level 6 in Transmutations
 12441 | D:9      | Reached skill level 1 in Ice Magic
 12630 | D:10     | Entered Level 10 of the Dungeon
 12657 | D:10     | Reached skill level 7 in Fighting
 12753 | D:10     | Found a broken altar of Ashenzari.
 12759 | D:10     | Became a worshipper of Ashenzari the Shackled
 12804 | D:10     | Reached skill level 2 in Ice Magic
 12804 | D:10     | Reached XP level 11. HP: 37/75 MP: 6/14
 13889 | D:11     | Found a sacrificial altar of Ru.
 13925 | D:11     | You pick up a book of Geomancy and begin reading...
 13925 | D:11     | You add the spells Sandblast, Passwall and Stone Arrow to
                  | your library.
 13937 | D:11     | Found a staircase to the Orcish Mines.
 13947 | D:11     | Noticed a sun demon
 13948 | D:11     | HP: 11/75 [sun demon[a kobold demonologist] (14)]
 13956 | D:11     | HP: 11/75 [something (8)]
 13959 | D:11     | HP: 3/75 [something (11)]
 13963 | D:11     | Slain by an unseen horror

Vanquished Creatures
  A two-headed ogre (D:9)
  A troll (D:9)
  Sigmund (D:3)
  A wyvern (D:11)
  8 yaks
  A basilisk (D:8)
  2 steam dragons
  2 water moccasins
  2 sky beasts (D:8)
  Pargi (Sewer)
  2 orc warriors
  A necrophage (D:6)
  3 ice beasts
  5 black bears
  2 centaurs
  5 ogres
  A phantom (D:5)
  Blork the orc (D:6)
  2 wyvern zombies (D:9)
  2 gnoll sergeants
  A water moccasin zombie (D:6)
  8 wights
  12 killer bees
  2 vampire bats (D:3)
  A howler monkey (D:6)
  3 centaur zombies
  2 bullfrog zombies
  2 jellies
  2 orc priests
  Crazy Yiuf (D:7)
  2 hounds (D:6)
  A bullfrog skeleton (D:4)
  2 centaur skeletons
  4 gnoll shamans
  8 orc wizards
  An iguana (D:7)
  A hound zombie (D:5)
  3 howler monkey zombies
  8 adders
  22 gnolls
  2 howler monkey skeletons
  A shadow imp (D:7)
  An ufetubus (D:6)
  An adder skeleton (D:4)
  7 worms
  3 dart slugs
  17 orcs
  5 ball pythons
  4 bats
  3 bat skeletons (D:3)
  A bat zombie (D:3)
  3 endoplasms
  2 giant cockroaches (Sewer)
  7 goblins
  5 hobgoblins
  15 jackals
  8 kobolds
  4 quokkas
  5 frilled lizards
  8 rats
232 creatures vanquished.

Vanquished Creatures (others)
  An orc wizard (D:10)
  12 plants (D:11)
  4 withered plants (D:6)
17 creatures vanquished.

Grand Total: 249 creatures vanquished

Table legend:
 A = Non-vault XP
 B = Vault XP
 C = Vault XP percentage of total XP
 D = Non-vault monster count
 E = Vault monster count
 F = Vault count percentage of total count
                 A         B        C        D         E       F
            +---------+---------+-------+---------+---------+-------
      Total |    9919 |    1118 |  10.1 |     198 |      35 |  15.0
            +---------+---------+-------+---------+---------+-------
        D:1 |      31 |       0 |   0.0 |      19 |       0 |   0.0
        D:2 |      55 |      16 |  22.5 |      23 |       2 |   8.0
        D:3 |     180 |     329 |  64.6 |      17 |       7 |  29.2
        D:4 |     869 |      15 |   1.7 |      24 |       3 |  11.1
        D:5 |     919 |       5 |   0.5 |      19 |       1 |   5.0
        D:6 |     858 |     567 |  39.8 |      16 |      16 |  50.0
        D:7 |     733 |      42 |   5.4 |      17 |       1 |   5.6
        D:8 |    1264 |       0 |   0.0 |      20 |       0 |   0.0
        D:9 |    2559 |       0 |   0.0 |      20 |       0 |   0.0
       D:10 |    1737 |       0 |   0.0 |      20 |       0 |   0.0
       D:11 |     714 |       0 |   0.0 |       3 |       0 |   0.0
      Sewer |       0 |     144 | 100.0 |       0 |       5 | 100.0
            +---------+---------+-------+---------+---------+-------

Illustrated notes

Table legend:
 A = Kills in this place as a percentage of kills in entire the game.
 B = Kills by you in this place as a percentage of kills by you in the entire game.
 C = Kills by friends in this place as a percentage of kills by friends in the entire game.
 D = Other kills in this place as a percentage of other kills in the entire game.
 E = Experience gained in this place as a percentage of experience gained in the entire game.
 F = Experience gained in this place divided by the number of levels of this place that you have seen.
                   A       B       C       D       E      F
               +-------+-------+-------+-------+-------+----------------------
         Total | 100.0 | 100.0 |   N/A | 100.0 | 100.0 | 849.0
       Dungeon |  97.9 |  97.8 |   N/A | 100.0 |  98.7 | 990.3
         Sewer |   2.1 |   2.2 |   N/A |   0.0 |   1.3 | 144.0
               +-------+-------+-------+-------+-------+----------------------

Table legend: (Time is in decaauts)
 A = Elapsed time spent in this place.
 B = Non-inter-level travel time spent in this place.
 C = Inter-level travel time spent in this place.
 D = Time resting spent in this place.
 E = Time spent auto-exploring this place.
 F = Levels seen in this place.
 G = Mean time per level.
                   A        B        C        D        E       F      G
               +--------+--------+--------+--------+--------+-----+--------+
         Total |  13916 |  12287 |   1629 |   3193 |   3444 |  13 | 1070.5 |
       Dungeon |  13223 |  11645 |   1578 |   2923 |   3234 |  11 | 1202.1 |
        Temple |    274 |    223 |     51 |      0 |    210 |   1 |  274.0 |
         Sewer |    417 |    417 |      0 |    270 |      0 |   1 |  417.0 |
               +--------+--------+--------+--------+--------+-----+--------+

Top non-repeatable levels by time:
     D:4: 2063 daAuts
     D:5: 1692 daAuts
     D:3: 1491 daAuts
     D:2: 1375 daAuts
     D:1: 1281 daAuts
     D:6: 1234 daAuts
     D:7: 1070 daAuts
    D:10: 1051 daAuts
     D:9: 856 daAuts
     D:8: 838 daAuts
   Sewer: 417 daAuts
  Temple: 274 daAuts
    D:11: 267 daAuts
